 Dungeon Crawl Stone Soup version 0.31.0 (webtiles) character file.

Game seed: 11533434641386016544

1060 SnakkuSnakku7 the Cruncher (level 8, 0/58 HPs)
             Began as a Formicid Cinder Acolyte on Jan 20, 2024.
             Was a High Priest of Ignis.
             Killed by nerve-wracking pain
             ... invoked by Grinder
              (13 damage)
             ... on level 4 of the Dungeon.
             The game lasted 00:03:35 (3303 turns).

SnakkuSnakku7 the Cruncher (FoCA)                   Turns: 3303, Time: 00:03:36

Health: 0/58       AC:  9    Str: 22    XL:     8   Next: 52%
Magic:  9/9        EV:  7    Int: 13    God:    Ignis [*****.]
Gold:   337        SH:  3    Dex:  9    Spells: 9/9 levels left

rFire   + . .        a - +2 quarterstaff (spect)
rCold   . . .        l - +0 buckler
rNeg    . . .        r - +0 chain mail
rPois   .            (helmet unavailable)
rElec   .            (no cloak)
rCorr   .            g - +0 pair of gloves
SInv    +            (no boots)
Will    .....        (no amulet) Stlth
                     (no ring)
HPRegen 0.29/turn    (no ring)
MPRegen 0.11/turn

%: no passive effects
@: no status effects
A: permanent stasis, dig shafts and tunnels, antennae 3, four strong arms
a: Dig, Shaft Self, Renounce Religion, Fiery Armour, Foxfire Swarm, Rising Flame


You were on level 4 of the Dungeon.
You worshipped Ignis.
Ignis was extremely pleased with you.
You visited 1 branch of the dungeon, and saw 5 of its levels.

You collected 337 gold pieces.

Inventory:

Hand Weapons
 a - a +2 spectral quarterstaff (weapon)
 e - a -1 hand axe of flaming
Missiles
 h - 5 poisoned darts
Armour
 b - a +0 robe
 d - a +0 leather armour
 g - a +0 pair of gloves (worn)
 l - a +0 buckler (worn)
 r - a +0 chain mail (worn)
Scrolls
 c - 6 scrolls of identify {unknown}
 i - 2 scrolls of immolation {unknown}
 j - 2 scrolls of enchant weapon {unknown}
 n - a scroll of revelation {unknown}
 s - a scroll of poison {unknown}
 t - a scroll of noise {unknown}
Potions
 f - 2 potions of resistance {unknown}
 k - 4 potions of attraction {unknown}
 m - a potion of degeneration {unknown}
 o - 2 potions of might {unknown}
 p - a potion of enlightenment {unknown}
 q - 2 potions of cancellation {unknown}


   Skills:
 - Level 3.2 Fighting
 - Level 3.5 Axes
 + Level 9.2 Staves
 - Level 1.1 Spellcasting
 - Level 3.0 Fire Magic


You had 9 spell levels left.
You didn't know any spells.
Your spell library contained the following spells:

 Spells                   Type           Power      Damage    Failure   Level
 Scorch                   Fire           16%        2d5       75%         2
 Cigotuvi's Dreadful Rot  Necr/Alch/Air  0%         N/A       99%         2
 Dispel Undead            Necr           0%         3d6       100%        4
 Martyr's Knell           Necr/Summ      0%         N/A       100%        4
 Death Channel            Necr           0%         N/A       100%        6


Dungeon Overview and Level Annotations

Branches:
Dungeon (5/15)             Temple (0/1) D:4

Altars:
Gozag
Nemelex Xobeh
Sif Muna
Uskayaw
Zin

Annotations:
D:4 Grinder


Innate Abilities, Weirdness & Mutations

You cannot be hasted, slowed, berserked, paralysed or teleported.
You can dig through walls and to a lower floor.
You have a pair of large antennae on your head. (SInv)
Your four strong arms can wield two-handed weapons with a shield.


Message History

Grinder hits you.
You writhe in agony.
You closely miss Grinder.
Your +2 spectral quarterstaff closely misses Grinder.
Grinder hits you but does no damage.
You hit Grinder but do no damage.
Your +2 spectral quarterstaff barely misses Grinder.
Grinder hits you.
You writhe in agony.
You closely miss Grinder.
Your +2 spectral quarterstaff hits Grinder.
Unknown command.
You hit Grinder.
Grinder is lightly wounded.
Your +2 spectral quarterstaff completely misses Grinder.
Grinder hits you.
You writhe in agony.
Unknown command.
You are too injured to fight recklessly!
You are too injured to fight recklessly!
Unknown command.
Your +2 spectral quarterstaff disappears.
Grinder says, "Are you a fish?" Grinder attacks as she pursues you!
Grinder hits you but does no damage.
Grinder says, "I used to sell toenails on the black market."
Grinder attacks as she pursues you! Grinder hits you.
You writhe in agony.
There is a stone staircase leading up here.
Grinder hits you!
* * * LOW HITPOINT WARNING * * *
You climb upwards.
There is a stone staircase leading down here.
Unknown command.
You hit Grinder but do no damage.
Grinder is lightly wounded.
Your +2 spectral quarterstaff hits Grinder!
Grinder hits you but does no damage.
You sock Grinder!
Grinder is severely wounded.
Your +2 spectral quarterstaff barely misses Grinder.
Grinder gestures at you. Pain shoots through your body!
You die...
Grinder says, "Now the real fun starts!"

..÷.###......(..#...#############
....#......>.......####
......#.........#.....##
......#..⌠...⌠..#......##
........................##
..>...#.........#........## #
.....###.##.##.##.........# ##
..^......##....5..........# #.
...############(@.........## ##.
..## ##...........####.. .##
##.......##...#... ##
#..#...#####..... # ##..#####
#....# #..## ##...## #..# #...##.
##.### #..##.. #....### #..#⌠..


You could see Grinder and a friendly +2 spectral quarterstaff.

Vanquished Creatures
  The ghost of DaftaChap the Insei, an amateur OpSh of Trog (D:4)
  A black bear (D:5)
  3 ogres
  A phantom (D:4)
  2 scorpions
  3 bombardier beetles
  A hound (D:5)
  A jelly (D:4)
  Jessica (D:2)
  2 iguanas
  7 adders
  A ribbon worm (D:2)
  An orc (D:3)
  3 ball pythons
  4 endoplasms
  4 giant cockroaches
  7 goblins
  7 hobgoblins
  2 jackals (D:2)
  6 kobolds
  3 quokkas
  2 bats (D:2)
  2 frilled lizards
  4 rats
69 creatures vanquished.

Vanquished Creatures (others)
  21 foxfires (D:4)
21 creatures vanquished.

Grand Total: 90 creatures vanquished

Notes
Turn   | Place    | Note
-------+----------+-------------------------------------------
     0 | D:1      | SnakkuSnakku7 the Formicid Cinder Acolyte began the quest
                  | for the Orb.
     0 | D:1      | Reached XP level 1. HP: 18/18 MP: 2/2
   172 | D:1      | Reached XP level 2. HP: 17/24 MP: 3/3
   267 | D:1      | Reached skill level 1 in Staves
   400 | D:1      | Reached XP level 3. HP: 25/29 MP: 4/4
   703 | D:2      | Reached skill level 2 in Staves
  1032 | D:2      | Noticed Jessica
  1043 | D:2      | Killed Jessica
  1044 | D:2      | Reached skill level 3 in Staves
  1044 | D:2      | Reached XP level 4. HP: 19/35 MP: 5/5
  1168 | D:2      | Found a faded altar of an unknown god.
  1601 | D:3      | Noticed a scorpion
  1608 | D:3      | Killed a scorpion
  1609 | D:3      | Reached skill level 4 in Staves
  1609 | D:3      | Reached XP level 5. HP: 37/41 MP: 6/6
  2035 | D:3      | Found a hide-covered altar of Uskayaw.
  2169 | D:4      | Noticed an ogre
  2172 | D:4      | Killed an ogre
  2173 | D:4      | Reached skill level 5 in Staves
  2173 | D:4      | Reached XP level 6. HP: 47/47 MP: 7/7
  2185 | D:4      | Noticed DaftaChap's ghost (amateur OpSh)
  2193 | D:4      | Found a runed translucent door.
  2237 | D:4      | Killed DaftaChap's ghost
  2238 | D:4      | Reached skill level 6 in Staves
  2238 | D:4      | Reached XP level 7. HP: 43/52 MP: 8/8
  2353 | D:4      | Found a staircase to the Ecumenical Temple.
  2397 | D:4      | Identified the +4 scimitar "Ronnonet" {flame, rElec rF-
                  | Int+2 Dex+2}
  2422 | D:4      | Reached skill level 7 in Staves
  2595 | D:4      | Reached XP level 8. HP: 49/58 MP: 9/9
  2612 | D:4      | Reached skill level 8 in Staves
  2712 | D:4      | Found a shimmering blue altar of Sif Muna.
  2718 | D:4      | Found an opulent altar of Gozag.
  2837 | D:4      | Found a glowing silver altar of Zin.
  2837 | D:4      | Noticed an angel
  2926 | D:5      | Entered Level 5 of the Dungeon
  3191 | D:5      | Found a sparkling altar of Nemelex Xobeh.
  3244 | D:5      | Reached skill level 9 in Staves
  3287 | D:5      | Noticed Grinder
  3303 | D:4      | Killed from afar by Grinder

Illustrated notes

Levels and vault maps discovered:
D:1:      orjb1_clovarrival, layout_basic
D:2:      minmay_wonky_spiral, layout_basic, serial_glass, glass_columns_a,
          glass_columns_b, glass_columns_a, glass_columns_a, glass_columns_a,
          glass_columns_a, basic_ecumenical_altar, minivault_5, uniq_jessica
D:3:      layout_basic, nicolae_uskayaw_suspiria
D:4:      layout_cave_pods, zin_angel, mainiacjoe_overflow_big_doors,
          minmay_temple_entry_large_hall, hellmonk_ghost_happy_afterlife
D:5:      layout_cave_pools, mainiacjoe_overflow_catwalk, nicolae_stop_n_shop_1,
          uniq_grinder

Skill      XL: |  1  2  3  4  5  6  7  8 |
---------------+-------------------------+-----
Staves         | 1 3 4 5 6 7 9 |  9.2
Fighting       | |  3.2
Axes           | |  3.5
Spellcasting   | |  1.1
Fire Magic     | |  3.0

Action                     |  1- 3 |  4- 6 |  7- 9 || total
---------------------------+-------+-------+-------++-------
  Melee: Hand axe          |    16 |       |       ||    16
         Quarterstaff      |    40 |    41 |    53 ||   134
         Punch             |     1 |       |       ||     1
 Invoke: Foxfire Swarm     |       |     1 |       ||     1
   Stab: Distracted        |       |       |     1 ||     1
 Armour: Leather armour    |    23 |    18 |     9 ||    50
         Chain mail        |       |       |    23 ||    23
  Dodge: Dodged            |    32 |    16 |     8 ||    56
  Block: Buckler           |       |     4 |     5 ||     9
